 Dungeon Crawl Stone Soup version 0.20.1-1-g8b1a95d (webtiles) character file.

48616 Gremour the Nimble (level 14, -16/113 HPs)
             Began as a Merfolk Ice Elementalist on Sept 28, 2017.
             Was the Champion of Okawaru.
             Splashed with acid (20 damage)
             ... on level 1 of the Pits of Slime.
             The game lasted 03:36:21 (25033 turns).

Gremour the Nimble (Merfolk Ice Elementalist)      Turns: 25033, Time: 03:36:21

Health: -16/113    AC: 19    Str:  8    XL:     14   Next: 47%
Magic:  25/26      EV: 22    Int: 22    God:    Okawaru [******]
Gold:   483        SH:  9    Dex: 22    Spells: 6/30 levels left

rFire    . . .     SeeInvis .   a - +9 spear "Soler" {elec, MR+++ Str-3 Int+3 Dex+4}
rCold    . . .     Gourm    .   M - +1 buckler of Qurup {rCorr Int+4}
rNeg     . . .     Faith    .   k - +2 leather armour of Oblivion {rPois Regen+}
rPois    +         Spirit   .   J - +1 helmet
rElec    .         Reflect  +   (no cloak)
rCorr    +         Harm     .   (no gloves)
MR       ++++.                  P - +0 pair of boots
Stlth    +++++.....             p - +2 amulet of reflection
Regen    0.7/turn               V - +2 ring of slaying
MPRegen  0.2/turn               y - ring of wizardry

@: icy armour, slow
A: change form in water, swift swim, stealthy swim, rugged brown scales 1, slimy
green scales 1, strong 1, evolution 1, MP-powered wands
a: Heroism, Finesse, Renounce Religion


You were on level 1 of the Pits of Slime.
You worshipped Okawaru.
Okawaru was exalted by your worship.
You were not hungry.

You visited 5 branches of the dungeon, and saw 18 of its levels.
You also visited: Sewer and Volcano.

You collected 910 gold pieces.
You spent 427 gold pieces at shops.

Inventory:

Hand Weapons
 a - the +9 spear "Soler" (weapon) {elec, MR+++ Str-3 Int+3 Dex+4}
   (You found it on level 5 of the Lair of Beasts)

   Occasionally, upon striking a foe, it will discharge some electrical energy
   and cause terrible harm.
   It affects your strength (-3).
   It affects your intelligence (+3).
   It affects your dexterity (+4).
   It affects your resistance to hostile enchantments.
 b - a +4 fustibalus
 G - the +1 flail "Hoanoxt" {drain, MR- Str+8 Int-4 Stlth+}
   (Okawaru gifted it to you on level 4 of the Lair of Beasts)

   A truly terrible weapon, it drains the life of those it strikes.
   It affects your strength (+8).
   It affects your intelligence (-4).
   It affects your resistance to hostile enchantments.
   It makes you more stealthy.
 S - a +1 glaive of protection
 Z - a +1 long sword of holy wrath
Missiles
 e - 126 stones (quivered)
 C - 40 sling bullets
Armour
 k - the +2 leather armour of Oblivion (worn) {rPois Regen+}
   (You found it on level 1 of the Lair of Beasts)

   It protects you from poison.
   It increases your rate of regeneration.
 o - the +0 robe "Anuuch" {Str+4 Int+2 Dex+3}
   (You found it on level 3 of the Lair of Beasts)

   It affects your strength (+4).
   It affects your intelligence (+2).
   It affects your dexterity (+3).
 t - the +1 plate armour of Altruism {Dex+4}
   (Okawaru gifted it to you on level 6 of the Lair of Beasts)

   It affects your dexterity (+4).
 J - a +1 helmet (worn)
 M - the +1 buckler of Qurup (worn) {rCorr Int+4}
   (You bought it in a shop on level 9 of the Dungeon)

   It affects your intelligence (+4).
   It protects you from acid and corrosion.
 P - a +0 pair of boots (worn)
 Y - a +2 robe of fire resistance
Magical Staves
 h - an uncursed staff of conjuration
 w - an uncursed staff of power
 H - an uncursed staff of death
Jewellery
 d - the amulet "Hasirokhosm" {RegenMP rF- Dex+10 Stlth-}
   (You acquired it on level 2 of the Lair of Beasts)

   [amulet of magic regeneration]

   It increases your magic regeneration.
   It affects your dexterity (+10).
   It makes you vulnerable to fire.
   It makes you less stealthy.
 f - an uncursed ring of poison resistance
 i - an uncursed ring of positive energy
 n - a +3 ring of dexterity
 p - a +2 amulet of reflection (around neck)
 y - a ring of wizardry (right hand)
 Q - the ring of Qoanups {rC+ MR+}
   (You took it off Josephine on level 6 of the Lair of Beasts)

   [ring of protection from magic]

   It protects you from cold.
   It affects your resistance to hostile enchantments.
 V - a +2 ring of slaying (left hand)
Wands
 j - a wand of confusion (10/48)
 q - a wand of confusion (37/48)
 s - a wand of random effects (16/48)
 E - a wand of scattershot (4/9)
 I - a wand of lightning (7/15)
 K - a wand of polymorph (13/24)
 L - a wand of iceblast (12/15)
 N - a wand of polymorph (20/24)
 O - a wand of disintegration (8/24)
 X - a wand of clouds (4/9)
Scrolls
 c - 4 scrolls of identify
 l - a scroll of magic mapping
 u - 3 scrolls of recharging
 A - 4 scrolls of amnesia
 B - a scroll of enchant weapon
 F - 3 scrolls of remove curse
 R - 7 scrolls of teleportation
Potions
 x - 7 potions of flight
 z - 5 potions of brilliance
 T - 2 potions of resistance
Books
 m - a book of Geomancy

   Spells                             Type                      Level
   a - Sandblast                      Earth                        1
   b - Passwall                       Transmutation/Earth          2
   c - Stone Arrow                    Conjuration/Earth            3
   d - Petrify                        Transmutation/Earth          4
   e - Lee's Rapid Deconstruction     Earth                        5
 D - a book of Frost

   Spells                             Type                      Level
   a - Freeze                         Ice                          1
   b - Throw Frost                    Conjuration/Ice              2
   c - Ozocubu's Armour               Charms/Ice                   3
   d - Throw Icicle                   Conjuration/Ice              4
   e - Summon Ice Beast               Ice/Summoning                4
Comestibles
 g - 11 royal jellies
 r - 2 meat rations
 v - 14 fruits


   Skills:
 * Level 10.1 Fighting
 + Level 11.6 Polearms
 + Level 3.1 Armour
 * Level 11.7 Dodging
 * Level 9.8 Stealth
 + Level 6.1 Shields
 + Level 8.8 Spellcasting
 * Level 3.4 Conjurations
 + Level 4.7 Charms
 + Level 4.2 Summonings
 + Level 9.8 Ice Magic
 + Level 1.7 Earth Magic
 + Level 5.7 Invocations
 * Level 5.8 Evocations


You had 6 spell levels left.
You knew the following spells:

 Your Spells              Type           Power        Failure   Level  Hunger
a - Throw Icicle          Conj/Ice       #####...     2%          4    ##.....
b - Sandblast             Erth           ###...       1%          1    None
f - Throw Frost           Conj/Ice       #####.       1%          2    None
i - Summon Ice Beast      Ice/Summ       #####...     2%          4    ##.....
o - Ozocubu's Armour      Chrm/Ice       #####...     1%          3    None
p - Passwall              Tmut/Erth      ##........   4%          2    None
r - Petrify               Tmut/Erth      ##......     26%         4    ##.....
s - Stone Arrow           Conj/Erth      ###...       4%          3    None
z - Freeze                Ice            ####         1%          1    None


Dungeon Overview and Level Annotations

Branches:
Dungeon (9/15)             Temple (1/1) D:7            Lair (6/6) D:9
  Swamp (1/4) Lair:4       Spider (0/4) Lair:4        Slime (1/5) Lair:6
    Orc (0/2) D:9

Altars:
Ashenzari
Cheibriados
Dithmenos
Elyvilon
Fedhas
Gozag
Hepliaklqana
Kikubaaqudgha
Makhleb
Nemelex Xobeh
Okawaru
Qazlal
Ru
Sif Muna
Trog
Uskayaw
Vehumet
Xom
Yredelemnul
Zin
The Shining One
Jiyva

Shops:
D:5 =   D:8 }   D:9 [


Innate Abilities, Weirdness & Mutations

You revert to your normal form in water.
You are very nimble and swift while swimming.
You are very stealthy in the water. (Stealth+)
You are partially covered in rugged brown scales. (AC +1, +3% HP)
You are partially covered in slimy green scales. (AC +2)
Your muscles are strong. (Str +2)
You evolve.
You expend magic power (3 MP) to strengthen your wands.


Message History

* * * LOW HITPOINT WARNING * * *
As you read the scroll of fear, it crumbles to dust.
You assume a fearsome visage.
The slime creature looks frightened! x2
You are splashed with acid!
The wall burns you! You resist.
* * * LOW HITPOINT WARNING * * *
You are splashed with acid!
The walls burn you! You resist.
* * * LOW HITPOINT WARNING * * *
Okay, then.
Casting: Freeze
Confirm with . or Enter, or press ? or * to list all spells.
Okay, then.
You are splashed with acid!
The walls burn you! You resist.
* * * LOW HITPOINT WARNING * * *
You are protected by a layer of icy armour.
Your movement speed is slow.
Your attack speed is very fast.
Your base attributes are Str 9, Int 15, Dex 18.
Press: ? - help, v - describe, . - travel The floor.
You are splashed with acid!
The walls burn you! You resist.
You die...

.. ..............
...##.........#.....#.#
.....#.................
......#.........#...#.#
......#..........#.#..####
..................#....#.##
..........#.##........#...##
....J......#..#............#
....#..#.#@................
. #.#####................
......J..#
#........>.<......
#.###.#.##
##............##.# #####
########.##### # ###


You could see a slime creature (fleeing).

Vanquished Creatures
  Josephine (Lair:6)
  2 two-headed ogres
  2 hydras (Lair:5)
  A queen ant (Lair:2)
  4 death yaks (Lair:5)
  The ghost of Asgaroth the Summoner, a novice DrSu of Sif Muna (D:8)
  11 elephants
  4 black mambas
  An eye of devastation (Slime:1)
  A torpor snail (Lair:3)
  20 spiny frogs
  5 komodo dragons
  A troll (D:9)
  3 jumping spiders (Lair:4)
  3 polar bears (Lair:1)
  3 tyrant leeches
  19 blink frogs
  6 dream sheep (Lair:6)
  7 hippogriffs
  3 slime creatures (Slime:1)
  4 wraiths (Lair:6)
  A wyvern (D:8)
  23 yaks
  4 hogs (D:9)
  Eustachio (D:4)
  The ghost of Agrougrou the Covered, an amateur BaFi (D:3)
  2 fire bats (Volcano)
  A hungry ghost (D:6)
  A human (D:9)
  5 vampire mosquitoes (Lair:6)
  Grum (D:8)
  5 soldier ants (Lair:2)
  9 porcupines
  16 water moccasins
  2 sky beasts
  An ice beast (D:9)
  2 phantoms (D:8)
  An eye of draining (Slime:1)
  5 ogres
  3 wolves (D:8)
  4 centaurs
  6 crocodiles
  2 big kobolds (Sewer)
  14 bullfrogs
  4 scorpions
  8 wights
  6 howler monkeys
  4 crimson imps
  A centaur zombie (D:9)
  5 lava snakes (Volcano)
  2 quasits (D:7)
  4 orc priests
  2 jellies
  6 hounds
  7 orc wizards
  2 centaur skeletons
  An iguana (D:6)
  4 hell rats
  9 worker ants
  A killer bee zombie (D:8)
  A hound zombie (D:8)
  2 hound skeletons
  4 gnolls (D:6)
  17 adders
  5 river rats
  A shadow imp (D:5)
  3 oozes
  2 adder skeletons
  5 worms
  A dart slug (D:1)
  4 leopard geckos
  24 orcs
  7 giant cockroaches
  14 hobgoblins
  18 jackals
  21 kobolds
  4 quokkas
  10 ball pythons
  13 bats
  5 frilled lizards
  6 goblins
  2 leopard gecko skeletons
  A quokka zombie (D:8)
  25 rats
  2 fungi (Lair:3)
  3 plants (Lair:6)
478 creatures vanquished.

Vanquished Creatures (collateral kills)
  A hydra (Lair:6)
  A death yak (Lair:5)
  An oklob plant (Lair:5)
  9 elephants (Lair:4)
  2 spiny frogs
  2 komodo dragons
  3 tyrant leeches
  5 blink frogs
  3 jumping spiders
  6 slime creatures (Slime:1)
  A dream sheep (Lair:6)
  A hippogriff (Lair:3)
  A redback (Lair:4)
  3 yaks (Lair:5)
  2 basilisks
  4 water moccasins
  A porcupine (Lair:4)
  3 bullfrogs
  A worker ant (Lair:2)
  3 hell rats (Lair:6)
  A fungus (Lair:4)
  A plant (Lair:5)
55 creatures vanquished.

Vanquished Creatures (others)
  44 fungi
  77 plants
121 creatures vanquished.

Grand Total: 654 creatures vanquished

Notes
Turn   | Place    | Note
-------+----------+-------------------------------------------
     0 | D:1      | Gremour the Merfolk Ice Elementalist began the quest for the Orb.
     0 | D:1      | Reached XP level 1. HP: 13/13 MP: 3/3
   337 | D:1      | Reached XP level 2. HP: 18/19 MP: 1/5
   900 | D:1      | Reached XP level 3. HP: 19/25 MP: 4/6
  1121 | D:2      | Reached skill level 1 in Fighting
  1687 | D:2      | Reached XP level 4. HP: 32/32 MP: 7/7
  1693 | D:2      | Found a shadowy altar of Dithmenos.
  2360 | D:2      | Learned a level 2 spell: Throw Frost
  2364 | D:2      | Learned a level 3 spell: Ozocubu's Armour
  2396 | D:3      | Found an iron altar of Okawaru.
  2404 | D:3      | Became a worshipper of Warmaster Okawaru
  2434 | D:3      | Noticed Agrougrou's ghost (amateur BaFi)
  2470 | D:3      | Killed Agrougrou's ghost
  2470 | D:3      | Reached * piety under Okawaru
  2470 | D:3      | Reached skill level 1 in Charms
  2470 | D:3      | Reached XP level 5. HP: 22/38 MP: 2/9
  2470 | D:3      | Reached XP level 6. HP: 25/44 MP: 2/10
  3069 | D:3      | Found a hazy altar of Hepliaklqana.
  3293 | D:3      | Reached skill level 1 in Armour
  3720 | D:3      | Reached skill level 1 in Polearms
  4311 | D:3      | Reached XP level 7. HP: 23/51 MP: 1/12
  4662 | D:4      | Learned a level 1 spell: Sandblast
  4664 | D:4      | Learned a level 1 spell: Freeze
  4709 | D:4      | Reached skill level 5 in Ice Magic
  4773 | D:4      | Noticed Eustachio
  5544 | D:4      | Killed Eustachio
  5544 | D:4      | Reached skill level 5 in Dodging
  5872 | D:5      | Entered Level 5 of the Dungeon
  5927 | D:5      | Found a sacrificial altar of Ru.
  6022 | D:5      | Reached skill level 1 in Invocations
  6104 | D:5      | Found a glowing drain.
  6141 | D:5      | Reached XP level 8. HP: 37/58 MP: 5/13
  6147 | Sewer    | Entered a sewer
  6627 | Sewer    | Reached skill level 1 in Conjurations
  6772 | Sewer    | Reached ** piety under Okawaru
  7398 | D:5      | Found Doockosi's Jewellery Emporium.
  7811 | D:6      | Reached skill level 5 in Polearms
  7811 | D:6      | Reached XP level 9. HP: 24/67 MP: 10/15
  8464 | D:6      | Learned a level 3 spell: Stone Arrow
  8891 | D:7      | Found a white marble altar of Elyvilon.
  9068 | D:7      | Found a glowing golden altar of the Shining One.
  9085 | D:7      | Reached skill level 5 in Fighting
  9085 | D:7      | Reached skill level 1 in Earth Magic
  9098 | D:7      | Reached *** piety under Okawaru
  9102 | D:7      | Gained mutation: You are resistant to hostile enchantments. (MR+) [mutagenic meat]
  9103 | D:7      | Lost mutation: You are resistant to hostile enchantments. (MR+) [mutagenic meat]
  9104 | D:7      | Gained mutation: You expend magic power (3 MP) to strengthen your wands. [mutagenic meat]
  9311 | D:7      | Found a staircase to the Ecumenical Temple.
  9336 | D:7      | Reached skill level 1 in Shields
  9363 | Temple   | Entered the Ecumenical Temple
  9618 | D:8      | Noticed Asgaroth's ghost (novice DrSu)
  9678 | D:8      | Paralysed by Asgaroth's ghost for 7 turns
  9956 | D:8      | Reached skill level 5 in Spellcasting
 10043 | D:8      | Noticed a two-headed ogre
 10068 | D:8      | Killed a two-headed ogre
 10068 | D:8      | Reached XP level 10. HP: 34/76 MP: 5/17
 10449 | D:9      | Noticed a two-headed ogre
 10471 | D:8      | Noticed a two-headed ogre
 10843 | D:7      | Reached **** piety under Okawaru
 10979 | D:8      | Gained mutation: You are partially covered in molten scales. (AC +2) [mutagenic meat]
 10980 | D:8      | Gained mutation: Your flesh is heat resistant. (rF+) [mutagenic meat]
 10981 | D:8      | Gained mutation: You have sharp fingernails. [mutagenic meat]
 10982 | D:8      | Lost mutation: Your flesh is heat resistant. (rF+) [mutagenic meat]
 11129 | D:8      | Found Varoejuk's Gadget Emporium.
 11132 | D:8      | Noticed Grum
 11165 | D:8      | Killed Grum
 11309 | D:8      | Reached skill level 5 in Invocations
 11430 | D:8      | Lost mutation: You expend magic power (3 MP) to strengthen your wands. [potion of mutation]
 11430 | D:8      | Lost mutation: You have sharp fingernails. [potion of mutation]
 11430 | D:8      | Lost mutation: You are partially covered in molten scales. (AC +2) [potion of mutation]
 11430 | D:8      | Gained mutation: Your mind is acute. (Int +2) [potion of mutation]
 11430 | D:8      | Gained mutation: Your spells are a little harder to cast, but a little more powerful. [potion of mutation]
 11430 | D:8      | Gained mutation: Your flesh is cold resistant. (rC+) [potion of mutation]
 11448 | D:8      | Killed Asgaroth's ghost
 11722 | D:9      | Found a glowing silver altar of Zin.
 11742 | D:9      | Learned a level 2 spell: Passwall
 11824 | D:9      | Killed a two-headed ogre
 11835 | D:9      | Found a shimmering altar of Xom.
 12151 | D:9      | Reached XP level 11. HP: 19/83 MP: 12/20
 12161 | D:9      | Reached ***** piety under Okawaru
 12484 | D:9      | Found Teoclus's Armour Shoppe.
 12747 | D:9      | Found a staircase to the Orcish Mines.
 12775 | D:9      | Reached skill level 5 in Stealth
 12860 | D:9      | Found a sparkling altar of Nemelex Xobeh.
 12871 | D:9      | Found an opulent altar of Gozag.
 13170 | D:9      | Found a staircase to the Lair.
 13179 | Lair:1   | Entered Level 1 of the Lair of Beasts
 13848 | Lair:1   | Got a jasper-encrusted chain mail
 13936 | D:9      | Identified the cursed +1 chain mail of the Komodo Dragon {Int+4} (You found it on level 1 of the Lair of Beasts)
 14700 | Lair:1   | Got a transparent leather armour
 14705 | Lair:1   | Identified the +2 leather armour of Oblivion {rPois Regen+} (You found it on level 1 of the Lair of Beasts)
 14928 | Lair:1   | Received a gift from Okawaru
 15359 | Lair:1   | Reached skill level 10 in Polearms
 15773 | Lair:1   | Lost mutation: Your mind is acute. (Int +2) [potion of mutation]
 15773 | Lair:1   | Lost mutation: Your flesh is cold resistant. (rC+) [potion of mutation]
 15773 | Lair:1   | Lost mutation: Your spells are a little harder to cast, but a little more powerful. [potion of mutation]
 15773 | Lair:1   | Gained mutation: Your spells are a little easier to cast, but a little less powerful. [potion of mutation]
 15773 | Lair:1   | Gained mutation: Your movements are slightly less encumbered by armour. (ER -2) [potion of mutation]
 15955 | Lair:1   | Noticed a five-headed hydra
 16413 | Lair:1   | Reached skill level 1 in Evocations
 16574 | Lair:2   | Reached XP level 12. HP: 88/91 MP: 18/22
 16676 | Lair:2   | Identified a scroll of acquirement
 16677 | Lair:2   | Got a fine brass amulet
 16678 | Lair:2   | Identified the amulet "Hasirokhosm" {RegenMP rF- Dex+10 Stlth-} (You acquired it on level 2 of the Lair of Beasts)
 16958 | D:9      | Bought the +1 buckler of Qurup {rCorr Int+4} for 427 gold pieces
 17181 | Lair:2   | Reached ****** piety under Okawaru
 17458 | Lair:2   | Received a gift from Okawaru
 17482 | Lair:2   | Learned a level 4 spell: Petrify
 17487 | Lair:2   | Learned a level 4 spell: Summon Ice Beast
 17508 | Lair:2   | Noticed a queen ant
 17528 | Lair:2   | Killed a queen ant
 17673 | Lair:2   | Reached skill level 5 in Shields
 17695 | Lair:2   | Got an encrusted hand axe
 17696 | Lair:2   | Identified the cursed +1 hand axe "Tutites" {elec, Int+2} (You found it on level 2 of the Lair of Beasts)
 17985 | Lair:3   | Reached skill level 10 in Dodging
 18091 | Lair:3   | Reached skill level 1 in Summonings
 18233 | Lair:3   | Found a dark tunnel.
 18238 | Volcano  | Entered a volcano
 18656 | Volcano  | Found a radiant altar of Vehumet.
 18667 | Volcano  | HP: 3/92 [salamander/enchanted trident (5)]
 18732 | Volcano  | HP: 2/92 [salamander (12)]
 18897 | Lair:3   | Lost mutation: Your spells are a little easier to cast, but a little less powerful. [potion of mutation]
 18897 | Lair:3   | Lost mutation: Your movements are slightly less encumbered by armour. (ER -2) [potion of mutation]
 18897 | Lair:3   | Gained mutation: You are occasionally teleported next to monsters. [potion of mutation]
 18897 | Lair:3   | Gained mutation: Your skin changes colour to match your surroundings (Stealth+). [potion of mutation]
 18898 | Lair:3   | Lost mutation: You are occasionally teleported next to monsters. [potion of mutation]
 18898 | Lair:3   | Lost mutation: Your skin changes colour to match your surroundings (Stealth+). [potion of mutation]
 18898 | Lair:3   | Gained mutation: Armour fits poorly on your strangely shaped body. [potion of mutation]
 18898 | Lair:3   | Gained mutation: You are partially covered in slimy green scales. (AC +2) [potion of mutation]
 18898 | Lair:3   | Gained mutation: You passively map a small area around you. [potion of mutation]
 18898 | Lair:3   | Gained mutation: You evolve. [potion of mutation]
 19070 | Lair:3   | Got a colourful robe
 19095 | Lair:3   | Identified the +0 robe "Anuuch" {Str+4 Int+2 Dex+3} (You found it on level 3 of the Lair of Beasts)
 19777 | Lair:4   | Found a staircase to the Swamp.
 19788 | Swamp:1  | Entered Level 1 of the Swamp
 19964 | Lair:4   | Found a hole to the Spider Nest.
 20302 | Lair:4   | Lost mutation: Armour fits poorly on your strangely shaped body. [potion of mutation]
 20302 | Lair:4   | Lost mutation: You passively map a small area around you. [potion of mutation]
 20302 | Lair:4   | Gained mutation: You expend magic power (3 MP) to strengthen your wands. [potion of mutation]
 20302 | Lair:4   | Gained mutation: You are partially covered in rugged brown scales. (AC +1, +3% HP) [potion of mutation]
 20364 | Lair:4   | Reached XP level 13. HP: 92/101 MP: 11/24
 20443 | Lair:4   | Received a gift from Okawaru
 20444 | Lair:4   | Got a faintly glowing flail {god gift}
 20445 | Lair:4   | Identified the +1 flail "Hoanoxt" {drain, MR- Str+8 Int-4 Stlth+} (Okawaru gifted it to you on level 4 of the Lair of Beasts)
 21365 | Lair:4   | Learned a level 4 spell: Throw Icicle
 21472 | Lair:5   | Got an ivory spear
 21473 | Lair:5   | Identified the +9 spear "Soler" {elec, MR+++ Str-3 Int+3 Dex+4} (You found it on level 5 of the Lair of Beasts)
 21883 | Lair:5   | Found a stormy altar of Qazlal.
 22268 | Lair:6   | Entered Level 6 of the Lair of Beasts
 22493 | Lair:5   | Received a gift from Okawaru
 23203 | Lair:6   | Found a viscous altar of Jiyva.
 23203 | Lair:6   | Found a staircase to the Slime Pits.
 23209 | Lair:6   | Received a gift from Okawaru
 23209 | Lair:6   | Reached skill level 5 in Evocations
 23210 | Lair:6   | Got a smoking plate armour {god gift}
 23229 | Lair:6   | Identified the +1 plate armour of Altruism {Dex+4} (Okawaru gifted it to you on level 6 of the Lair of Beasts)
 23296 | Lair:6   | Noticed Josephine
 23352 | Lair:6   | Killed Josephine
 23370 | Lair:6   | Got a shimmering granite ring
 23501 | Lair:6   | Reached XP level 14. HP: 103/112 MP: 2/26
 23699 | Lair:6   | Gained mutation: Your muscles are strong. (Str +2) [evolution]
 24269 | Lair:6   | Identified the ring of Qoanups {rC+ MR+} (You took it off Josephine on level 6 of the Lair of Beasts)
 24471 | Lair:6   | Reached skill level 10 in Fighting
 24743 | Slime:1  | Entered Level 1 of the Pits of Slime
 25032 | Slime:1  | HP: 3/113 [acid (8)]
 25033 | Slime:1  | Splashed with acid

Skill      XL: |  1  2  3  4  5  6  7  8  9 10 11 12 13 14 |
---------------+-------------------------------------------+-----
Dodging        | 3 4 5 6 7 8 9 10 11 | 11.7
Fighting       | 1 2 3 4 5 6 7 8 9 10 | 10.1
Ice Magic      | 4 5 6 7 8 9 |  9.8
Charms         | 1 2 3 4 |  4.7
Spellcasting   | 3 4 5 6 7 8 |  8.8
Armour         | 1 2 3 |  3.1
Polearms       | 1 2 5 7 9 10 11 | 11.6
Invocations    | 1 2 4 5 |  5.7
Conjurations   | 1 2 3 |  3.4
Stealth        | 3 4 7 8 9 |  9.8
Earth Magic    | 1 |  1.7
Shields        | 2 3 4 5 6 |  6.1
Evocations     | 1 3 5 |  5.8
Summonings     | 2 4 |  4.2

Action                   |  1- 3 |  4- 6 |  7- 9 | 10-12 | 13-15 || total
-------------------------+-------+-------+-------+-------+-------++-------
Melee: Unarmed           |     9 |       |       |       |       ||     9
       Dagger            |    47 |       |       |       |       ||    47
       Staff             |    16 |    50 |       |       |       ||    66
       Spear             |       |    52 |   329 |       |   433 ||   814
       Tailslap          |       |       |     4 |     3 |     6 ||    13
       Halberd           |       |       |    12 |       |       ||    12
       Trident           |       |       |   171 |  1152 |   148 ||  1471
 Fire: Fustibalus        |       |       |       |     2 |       ||     2
 Cast: Freeze            |    39 |    75 |   164 |   275 |   130 ||   683
       Throw Frost       |       |    21 |    35 |    74 |     6 ||   136
       Ozocubu's Armour  |       |    10 |    24 |    79 |    51 ||   164
       Stone Arrow       |       |       |     8 |    21 |     5 ||    34
       Sandblast         |       |       |       |    11 |       ||    11
       Summon Ice Beast  |       |       |       |    18 |    71 ||    89
       Petrify           |       |       |       |     3 |     2 ||     5
Invok: Heroism           |       |     1 |    10 |     5 |     2 ||    18
       Finesse           |       |       |       |     6 |     7 ||    13
Evoke: Wand              |       |       |     5 |    12 |     1 ||    18
  Use: Scroll            |       |     3 |    18 |    17 |     5 ||    43
       Potion            |       |     3 |     7 |    24 |     2 ||    36
 Stab: Sleeping          |     5 |     2 |    13 |    10 |     4 ||    34
       Paralysed         |       |       |     4 |       |       ||     4
       Confused          |       |       |       |     2 |       ||     2
       Petrifying        |       |       |       |     3 |       ||     3
       Distracted        |       |       |       |     1 |     3 ||     4
  Eat: Chunk             |     3 |    11 |    16 |    17 |     5 ||    52
       Fruit             |       |     1 |       |     2 |       ||     3
       Bread ration      |       |       |     3 |     2 |     1 ||     6
       Meat ration       |       |       |     1 |     4 |     2 ||     7
Armor: Robe              |     8 |       |       |       |       ||     8
       Leather armour    |     4 |    51 |   220 |   254 |   143 ||   672
       Skin              |       |     4 |       |    13 |     6 ||    23
Dodge: Dodged            |    76 |   160 |   648 |   889 |   479 ||  2252
Block: Buckler           |       |       |    57 |   431 |   282 ||   770
